 Dungeon Crawl Stone Soup version 0.31-a0-1338-gb567cfdca4 (webtiles) character file.

Game seed: 12633290609936857792

70 Sonofthefire the Changeling (level 4, -9/42 HPs)
             Began as an Octopode Shapeshifter on Dec 22, 2023.
             Mangled by a crocodile (12 damage)
             ... in a sewer.
             The game lasted 00:02:13 (578 turns).

Sonofthefire the Changeling (Octopode Shapeshifter)  Turns: 578, Time: 00:02:13

Health: -9/42      AC: 22    Str: 13    XL:     4   Next: 22%
Magic:  4/4        EV:  2    Int: 12    God:
Gold:   52         SH:  0    Dex: 13    Spells: 3/3 levels left

rFire   . .          .
                       - Unarmed
rCold   . . .        (no shield)
rNeg    . . .        (helmet currently unavailable)
rPois   +            f - amulet of the acrobat
rElec   .            (no ring)
rCorr   .            (no ring)
SInv    .            (no ring)
Will    .....        (no ring)
Stlth   +            (no ring)
HPRegen 0.27/turn    (no ring)
MPRegen 0.09/turn    (no ring)
                     (no ring)

%: acrobat
@: tree-form, attractive, very slow
A: stationary, stasis, torment immunity, boosted hp, almost no armour,
(amphibious), 8 rings, (camouflage 1), (gelatinous body 1), (nimble swimmer 1),
(tentacles)
a: no special abilities


You were in a sewer.
You were a tree.
You visited 1 branch of the dungeon, and saw 3 of its levels.
You also visited: Sewer.

You collected 52 gold pieces.

Inventory:

Jewellery
 f - an amulet of the acrobat (around neck)
Talismans
 b - a beast talisman
 c - a flux talisman
Scrolls
 e - a scroll of revelation {unknown}
 g - 2 scrolls of silence {unknown}
 h - a scroll of identify {unknown}
Potions
 a - a potion of lignification


   Skills:
 - Level 1.0 Fighting
 - Level 2.0 Dodging
 - Level 3.0 Unarmed Combat
 + Level 4.7 Shapeshifting


You had 3 spell levels left.
You didn't know any spells.
Your spell library was empty.

Dungeon Overview and Level Annotations

Branches:
Dungeon (3/15)              Sewer (1/1)

Altars:
Makhleb

Shops:
D:2 *


Innate Abilities, Weirdness & Mutations

You are a tree.
Your roots penetrate the ground, keeping you stationary.
You cannot be teleported.
You are immune to unholy pain and torment.
Your maximum health is greatly increased.
You cannot wear most types of armour.
((You are amphibious.))
You can wear up to eight rings at the same time.
((Your skin changes colour to match your surroundings (Stealth+).))
((Your rubbery body absorbs attacks. (AC +1, EV +1)))
((You are camouflaged when in or above water. (Stealth+)))
((You have tentacles for arms and can constrict up to eight enemies at once.))


Message History

You start resting.
HP restored.
You enter the shallow water.
h - a scroll labelled ROEV JUG ZAUJA
g - 2 scrolls labelled ZYUGODGH MUFRO (gained 1)
You enter the shallow water.
Found a gate leading back out of this place.
You enter the shallow water.
Found a gate leading back out of this place.
A kobold brigand and a crocodile come into view.
The kobold brigand is wielding a +0 short sword and quivering poisoned darts.
Found a puce potion.
There are monsters nearby!
Okay, then.
Okay, then.
The helpless crocodile fails to defend itself.
You tentacle-slap the crocodile.
The crocodile is lightly wounded.
The crocodile bites you!
Ouch! That really hurt!
The crocodile drags you backwards!
You enter the shallow water.
Your transformation has ended.
You turn into a tree.
Your roots penetrate the ground.
The crocodile bites you but does no damage.
It was a potion of attraction.
You feel attractive to monsters.
The crocodile bites you but does no damage.
The kobold brigand hits you with a +0 short sword.
* * * LOW HITPOINT WARNING * * *
You hit the crocodile but do no damage.
The crocodile is lightly wounded.
The crocodile bites you!
* * * LOW HITPOINT WARNING * * *
The kobold brigand hits you with a +0 short sword.
* * * LOW HITPOINT WARNING * * *
You smack the crocodile!
The crocodile is heavily wounded.
The crocodile bites you!
You die...

### ##≈## ..## ##.~.##
##~..## ~~.####~∩..~##
.?...## ..~†~~~..∩.~≈≈≈≈
~~.~.~ ...####.~.~.####
..?. ~~## ##.~.#### .~~
~## ##≈####~## #≈# ~#
#≈###.!.###≈# ~#
#≈##.!∩K♣~≈≈# ~#
#≈###.!l###≈# ~##
##≈####.####≈## ..##
##.~.#### ##.~.##
.†.####~.~..#####...~~###
.~~~~~~~...~≈≈≈≈≈~~∩~.~~~~
.~~####....~#####...~~####
~~## ##~~.## ##.~~## .##
##~## ##~##


You could see a crocodile and a kobold brigand.

Vanquished Creatures
  3 adders
  A river rat (D:3)
  A worm (D:3)
  A dart slug (D:3)
  3 ball pythons
  A bat (D:2)
  4 giant cockroaches (D:3)
  A goblin (D:2)
  3 hobgoblins
  4 jackals (D:3)
  A quokka (D:3)
  3 kobolds
  4 rats
30 creatures vanquished.

Notes
Turn   | Place    | Note
-------+----------+-------------------------------------------
     0 | D:1      | Sonofthefire the Octopode Shapeshifter began the quest for
                  | the Orb.
     0 | D:1      | Reached XP level 1. HP: 13/13 MP: 1/1
   122 | D:2      | Found Nekaur's General Store.
   142 | D:2      | Found a burning altar of Makhleb.
   193 | D:2      | Reached XP level 2. HP: 18/18 MP: 2/2
   300 | D:3      | Reached skill level 4 in Shapeshifting
   300 | D:3      | Reached XP level 3. HP: 21/23 MP: 3/3
   379 | D:3      | Found a glowing drain.
   392 | Sewer    | Entered a sewer
   442 | Sewer    | Reached XP level 4. HP: 17/28 MP: 4/4
   569 | Sewer    | Noticed a kobold brigand
   569 | Sewer    | Noticed a crocodile
   577 | Sewer    | HP: 2/42 [kobold brigand/+0 short sword (1)]
   578 | Sewer    | Mangled by a crocodile

Illustrated notes

Levels and vault maps discovered:
D:1:      minmay_arrival_loop, layout_basic
D:2:      layout_basic, basic_altar, serial_shops, nicolae_shop_tiny_glass,
          minmay_increasing_density
D:3:      layout_rooms, portal_sewer_entry_b
Sewer:    sewer_co_15_rooms

Skill      XL: |  1  2 |
---------------+-------+-----
Shapeshifting  | 4 |  4.7
Fighting       | |  1.0
Dodging        | |  2.0
Unarmed Combat | |  3.0

Action                     |  1- 3 |  4- 6 || total
---------------------------+-------+-------++-------
  Melee: Unarmed           |    58 |     8 ||    66
         Constrict         |    19 |     1 ||    20
         Tentacles         |    12 |       ||    12
         Punch             |     3 |       ||     3
    Use: Potion            |       |     2 ||     2
   Stab: Sleeping          |       |     1 ||     1
 Armour: Skin              |    22 |     9 ||    31
  Dodge: Dodged            |    41 |     3 ||    44

Table legend: (Time is in decaauts)
 A = Elapsed time spent in this place.
 B = Non-inter-level travel time spent in this place.
 C = Inter-level travel time spent in this place.
 D = Time resting spent in this place.
 E = Time spent auto-exploring this place.
 F = Levels seen in this place.
 G = Mean time per level.
                   A        B        C        D        E       F      G
               +--------+--------+--------+--------+--------+-----+--------+
         Total |    573 |    541 |     32 |    136 |    186 |   4 |  143.2 |
       Dungeon |    388 |    356 |     32 |     21 |    162 |   3 |  129.3 |
         Sewer |    184 |    184 |      0 |    115 |     24 |   1 |  184.0 |
               +--------+--------+--------+--------+--------+-----+--------+

Top non-repeatable levels by time:
   Sewer: 184 daAuts
     D:3: 163 daAuts
     D:2: 125 daAuts
     D:1: 99 daAuts
